 Dungeon Crawl Stone Soup version 0.29-a0-334-gb41bcbb86e (webtiles) character file.

Game seed: 9392588724705674917

175 dolemite99 the Digger (level 5, 0/37 HPs)
             Began as a Gnoll Earth Elementalist on Apr 16, 2022.
             Was a Believer of Ru.
             Slain by an acid dragon (13 damage)
             ... on level 4 of the Dungeon.
             The game lasted 00:04:46 (4055 turns).

dolemite99 the Digger (Gnoll Earth Elementalist)    Turns: 4055, Time: 00:04:46

Health: 0/37       AC: -1    Str: 12    XL:     5   Next: 55%
Magic:  10/12      EV: 13    Int: 16    God:    Ru [**....]
Gold:   26         SH:  0    Dex: 12    Spells: 8/14 levels left

rFire   x . .      SeeInvis .   a - +7 scimitar of Trog's Generosity {flame, Str+4}
rCold   x . .      Faith    .   (no shield)
rNeg    . . .      Spirit   .   b - +0 robe
rPois   .          Reflect  .   (no helmet)
rElec   .          Harm     .   (no cloak)
rCorr   .          Rampage  .   (no gloves)
Will    .....                   (no boots)
Stlth   +++.......              C - amulet of magic regeneration
HPRegen 0.12/turn               (no ring)
MPRegen 0.53/turn               (no ring)

@: corroded
A: fangs 1, temperature sensitive, strong nose, distributed training
a: Renounce Religion


You were on level 4 of the Dungeon.
You worshipped Ru.
Ru was pleased with you.
You visited 1 branch of the dungeon, and saw 4 of its levels.

You collected 108 gold pieces.
You spent 82 gold pieces at shops.

Inventory:

Hand Weapons
 a - the +7 scimitar of Trog's Generosity (weapon) {flame, Str+4}
   (You found it on level 3 of the Dungeon)

   It burns those it strikes, dealing additional fire damage.
   Big, fiery blades are also staple armaments of hydra-hunters.
   Str:       It affects your strength (+4).
 i - a +0 mace
Missiles
 d - 3 javelins (quivered)
 x - 2 poisoned darts
 A - 47 stones
Armour
 b - a +0 robe (worn)
 h - a +0 ring mail
 k - a +0 ring mail
 l - a +0 leather armour
Jewellery
 y - a ring of fire
 C - an amulet of magic regeneration (around neck)
Scrolls
 f - a scroll of immolation {unknown}
 j - 4 scrolls of identify {unknown}
 o - 3 scrolls of vulnerability {unknown}
 p - a scroll of magic mapping {unknown}
 q - a scroll of enchant weapon {unknown}
 r - 2 scrolls of blinking
 t - 2 scrolls of brand weapon {unknown}
 v - 2 scrolls of fear {unknown}
 w - a scroll of torment {unknown}
 B - a scroll of fog {unknown}
Potions
 c - 4 potions of magic
 e - 2 potions of mutation {unknown}
 g - a potion of ambrosia {unknown}
 m - 3 potions of heal wounds {unknown}
 n - a potion of haste {unknown}
 s - 4 potions of lignification {unknown}
 u - a potion of cancellation {unknown}
 z - 5 potions of curing {unknown}


   Skills:
 + Level 1.5 Fighting
 + Level 1.5 Short Blades
 + Level 1.5 Long Blades
 + Level 1.5 Axes
 + Level 1.5 Maces & Flails
 + Level 1.5 Polearms
 + Level 1.5 Staves
 + Level 1.5 Slings
 + Level 1.5 Bows
 + Level 1.5 Crossbows
 + Level 1.5 Throwing
 + Level 1.5 Armour
 + Level 4.8 Dodging
 + Level 4.4 Stealth
 + Level 1.5 Shields
 + Level 1.5 Unarmed Combat
 + Level 5.2 Spellcasting
 + Level 1.2 Conjurations
 + Level 1.2 Hexes
 + Level 1.2 Summonings
 + Level 1.2 Necromancy
 + Level 1.2 Translocations
 + Level 2.4 Transmutations
 + Level 1.2 Fire Magic
 + Level 1.2 Ice Magic
 + Level 1.2 Air Magic
 + Level 5.5 Earth Magic
 + Level 1.2 Poison Magic
 + Level 1.7 Invocations
 + Level 1.5 Evocations


You had 8 spell levels left.
You knew the following spells:

 Your Spells              Type           Power      Damage    Failure   Level
a - Sandblast             Erth           44%        2d11      1%          1
b - Stone Arrow           Conj/Erth      30%        3d8       11%         3
c - Passwall              Tmut/Erth      14%        N/A       4%          2

Your spell library contained the following spells:

 Spells                   Type           Power      Damage    Failure   Level
 Sting                    Tmut/Pois      40%        1d5       7%          1
 Portal Projectile        Hex/Tloc       16%        N/A       26%         3
 Petrify                  Tmut/Erth      17%        N/A       28%         4
 Blade Hands              Tmut           6%         N/A       83%         5
 Excruciating Wounds      Necr           4%         N/A       94%         5


Dungeon Overview and Level Annotations

Branches:
Dungeon (4/15)
 Temple: D:4-7

Altars:
Ru

Shops:
D:3 ?


Innate Abilities, Weirdness & Mutations

You have very sharp teeth.
You are sensitive to extremes of temperature. (rF-, rC-)
Your uncanny sense of smell can sniff out nearby items.
Your experience applies equally to all skills.


Message History

You slash the orc! You burn the orc.
You kill the orc!
Casting: Sandblast (safe; 1% risk of failure)
Confirm with . or Enter, or press ? or * to list all spells.
Aiming: Sandblast (safe; 1% risk of failure)
Press: ? - help, Shift-Dir - straight line, f/p - acid dragon
Aim: an acid dragon (lightly wounded, 81% to hit)
The blast of sand hits the acid dragon but does no damage.
The acid dragon is lightly wounded.
A - 50 stones
Casting: Sandblast (safe; 1% risk of failure)
Confirm with . or Enter, or press ? or * to list all spells.
Aiming: Sandblast (safe; 1% risk of failure)
Press: ? - help, Shift-Dir - straight line, f/p - acid dragon
Aim: an acid dragon (lightly wounded, 81% to hit)
The blast of sand hits the acid dragon!
The acid dragon is heavily wounded.
A - 49 stones The acid dragon closely misses you.
The acid dragon misses you.
Casting: Sandblast (safe; 1% risk of failure)
Confirm with . or Enter, or press ? or * to list all spells.
Aiming: Sandblast (safe; 1% risk of failure)
Press: ? - help, Shift-Dir - straight line, f/p - acid dragon
Aim: an acid dragon (heavily wounded, 81% to hit)
The blast of sand hits the acid dragon.
The acid dragon is heavily wounded.
A - 48 stones The scorpion stings you. The acid dragon spits acid at you.
The splash of acid hits you! The acid corrodes you!
You hear a bark!
Casting: Sandblast (safe; 1% risk of failure)
Confirm with . or Enter, or press ? or * to list all spells.
Aiming: Sandblast (safe; 1% risk of failure)
Press: ? - help, Shift-Dir - straight line, f/p - acid dragon
Aim: an acid dragon (heavily wounded, 81% to hit)
The blast of sand misses the acid dragon.
A - 47 stones The scorpion stings you! The acid dragon bites you!
You die...

.. ∆ ∆ .## ### #...# ..
..# #...# # #. #.# #...#
#.##.###.# #...#
#......#.#####...#######
####.#.#...............#
###.....................
.........(...o.D@#
....##..#.####.s.#
.......>#.# #...#
....###.#.# #...# ....
....# #..... .. #.###
....### #.# ##...# (.#
#####


You could see an acid dragon, a scorpion and an orc.

Vanquished Creatures
  An iguana (D:3)
  7 gnolls (D:3)
  3 adders
  2 worms
  A dart slug (D:2)
  2 orcs (D:4)
  A bat (D:2)
  7 endoplasms
  3 hobgoblins
  6 quokkas
  5 ball pythons
  3 frilled lizards
  4 kobolds
  5 rats
50 creatures vanquished.

Notes
Turn   | Place    | Note
-------+----------+-------------------------------------------
     0 | D:1      | dolemite99 the Gnoll Earth Elementalist began the quest for
                  | the Orb.
     0 | D:1      | Reached XP level 1. HP: 13/13 MP: 6/6
   418 | D:1      | Reached XP level 2. HP: 19/19 MP: 5/7
  1225 | D:2      | Reached skill level 5 in Spellcasting
  1225 | D:2      | Reached XP level 3. HP: 25/25 MP: 4/9
  1433 | D:2      | Learned a level 3 spell: Stone Arrow
  1436 | D:2      | Learned a level 2 spell: Passwall
  1543 | D:2      | Reached skill level 1 in Invocations
  2074 | D:2      | Found a faded altar of an unknown god.
  2079 | D:2      | Got Plato's Grimoire of Poisoning
  2083 | D:2      | Prayed at the altar of an unknown god.
  2083 | D:2      | Became a worshipper of Ru the Awakened
  2100 | D:2      | Gained mutation: You are sensitive to extremes of
                  | temperature. (rF-, rC-) [Ru sacrifice]
  2100 | D:2      | Reached * piety under Ru
  2100 | D:2      | Reached ** piety under Ru
  2245 | D:2      | Reached skill level 1 in Fighting
  2245 | D:2      | Reached skill level 1 in Short Blades
  2245 | D:2      | Reached skill level 1 in Long Blades
  2245 | D:2      | Reached skill level 1 in Axes
  2245 | D:2      | Reached skill level 1 in Maces & Flails
  2245 | D:2      | Reached skill level 1 in Polearms
  2245 | D:2      | Reached skill level 1 in Staves
  2245 | D:2      | Reached skill level 1 in Slings
  2245 | D:2      | Reached skill level 1 in Bows
  2245 | D:2      | Reached skill level 1 in Crossbows
  2245 | D:2      | Reached skill level 1 in Throwing
  2245 | D:2      | Reached skill level 1 in Armour
  2245 | D:2      | Reached skill level 1 in Shields
  2245 | D:2      | Reached skill level 1 in Unarmed Combat
  2245 | D:2      | Reached skill level 1 in Evocations
  2524 | D:3      | Reached XP level 4. HP: 32/32 MP: 7/11
  2547 | D:3      | Reached skill level 1 in Conjurations
  2547 | D:3      | Reached skill level 1 in Hexes
  2547 | D:3      | Reached skill level 1 in Summonings
  2547 | D:3      | Reached skill level 1 in Necromancy
  2547 | D:3      | Reached skill level 1 in Translocations
  2547 | D:3      | Reached skill level 1 in Fire Magic
  2547 | D:3      | Reached skill level 1 in Ice Magic
  2547 | D:3      | Reached skill level 1 in Air Magic
  2547 | D:3      | Reached skill level 1 in Poison Magic
  2862 | D:3      | Found Zacihi's Magic Scroll Emporium.
  2868 | D:3      | Bought a scroll of blinking for 82 gold pieces
  2912 | D:3      | Identified the +7 scimitar of Trog's Generosity {flame,
                  | Str+4}
  3137 | D:3      | Found a glowing drain.
  3346 | D:3      | Reached XP level 5. HP: 20/37 MP: 8/12
  4037 | D:4      | Noticed an acid dragon
  4055 | D:4      | Slain by an acid dragon

Illustrated notes

Levels and vault maps discovered:
D:1:      nzn_arrival_crosshair, layout_loops_ring, grunt_decor_fettered,
          hangedman_decor_growths
D:2:      layout_loops_corners, shapermc_ecumenical_altar_rom_forum,
          minmay_pentomino_s4
D:3:      layout_basic, gup_sewer_entry_spiral, serial_shops, shop_scrolls
D:4:      old_forge, layout_loops_cross, serial_shops, kennysheep_mini,
          corexii_checkpoint_a, grunt_ministairs_15, uniq_eustachio,
          uniq_duvessa, uniq_blork_the_orc

Skill      XL: |  1  2  3  4 |
---------------+-------------+-----
Transmutations | 2 |  2.4
Spellcasting   | 5 |  5.2
Invocations    | 1 |  1.7
Fighting       | 1 |  1.5
Short Blades   | 1 |  1.5
Long Blades    | 1 |  1.5
Axes           | 1 |  1.5
Maces & Flails | 1 |  1.5
Polearms       | 1 |  1.5
Staves         | 1 |  1.5
Slings         | 1 |  1.5
Bows           | 1 |  1.5
Crossbows      | 1 |  1.5
Throwing       | 1 |  1.5
Armour         | 1 |  1.5
Shields        | 1 |  1.5
Unarmed Combat | 1 |  1.5
Evocations     | 1 |  1.5
Conjurations   | 1 |  1.2
Hexes          | 1 |  1.2
Summonings     | 1 |  1.2
Necromancy     | 1 |  1.2
Translocations | 1 |  1.2
Fire Magic     | 1 |  1.2
Ice Magic      | 1 |  1.2
Air Magic      | 1 |  1.2
Poison Magic   | 1 |  1.2
Dodging        | |  4.8
Stealth        | |  4.4
Earth Magic    | |  5.5

Action                   |  1- 3 |  4- 6 || total
-------------------------+-------+-------++-------
Melee: Unarmed           |     6 |       ||     6
       Bite              |     1 |       ||     1
       Mace              |     2 |     1 ||     3
       Punch             |     1 |       ||     1
       Scimitar          |       |     2 ||     2
Throw: Javelin           |     2 |     3 ||     5
 Cast: Sandblast         |    38 |    41 ||    79
Invok: Sacrifice Resista |     1 |       ||     1
Armor: Robe              |     1 |       ||     1
Dodge: Dodged            |    15 |    15 ||    30

Table legend: (Time is in decaauts)
 A = Elapsed time spent in this place.
 B = Non-inter-level travel time spent in this place.
 C = Inter-level travel time spent in this place.
 D = Time resting spent in this place.
 E = Time spent auto-exploring this place.
 F = Levels seen in this place.
 G = Mean time per level.
                   A        B        C        D        E       F      G
               +--------+--------+--------+--------+--------+-----+--------+
         Total |   4133 |   3957 |    176 |    768 |   2580 |   4 | 1033.2 |
       Dungeon |   4133 |   3957 |    176 |    768 |   2580 |   4 | 1033.2 |
               +--------+--------+--------+--------+--------+-----+--------+

Top non-repeatable levels by time:
     D:3: 1663 daAuts
     D:2: 1219 daAuts
     D:1: 1213 daAuts
     D:4: 36 daAuts
